 Dungeon Crawl Stone Soup version 0.27.1-16-g815e20cd7a (webtiles) character file.

Game seed: 4458952375784952984

329 MisterFreud the Fighter (level 6, 0/61 HPs)
             Began as a Minotaur Abyssal Knight on Nov 21, 2021.
             Was a Priest of Lugonu.
             Slain by a water moccasin (4 damage)
             ... on level 4 of the Dungeon.
             The game lasted 00:03:40 (4240 turns).

MisterFreud the Fighter (Minotaur Abyssal Knight)   Turns: 4240, Time: 00:03:40

Health: 0/61       AC:  6    Str: 17    XL:     6   Next: 25%
Magic:  6/6        EV: 11    Int:  9    God:    Lugonu [***...]
Gold:   168        SH:  5    Dex: 11    Spells: 5/5 levels left

rFire    . . .     SeeInvis .   s - +4 quarterstaff (chaos)
rCold    . . .     Faith    .   (shield currently unavailable)
rNeg     + . .     Spirit   .   b - +0 leather armour
rPois    .         Reflect  +   (helmet restricted)
rElec    .         Harm     .   t - +1 cloak {rCorr}
rCorr    +         Rampage  .   (no gloves)
Will     .....                  k - +0 pair of boots
Stlth    +.........             i - amulet of reflection
HPRegen  0.20/turn              u - ring of positive energy
MPRegen  0.10/turn              (no ring)

@: lethally poisoned (0 -> -14)
A: horns 2, retaliatory headbutt
a: Renounce Religion, Depart the Abyss, Bend Space, Banish


You were on level 4 of the Dungeon.
You worshipped Lugonu.
Lugonu was most pleased with you.
You visited 1 branch of the dungeon, and saw 4 of its levels.
You visited the Abyss 1 time.

You collected 168 gold pieces.

Inventory:

Hand Weapons
 a - a +1 falchion
 s - a +4 quarterstaff of chaos (weapon)
Armour
 b - a +0 leather armour (worn)
 k - a +0 pair of boots (worn)
 t - a +1 cloak of preservation (worn)
Jewellery
 f - a ring of fire
 i - an amulet of reflection (around neck)
 o - an amulet of magic regeneration
 u - a ring of positive energy (left hand)
Wands
 r - a wand of iceblast (9)
Scrolls
 d - 2 scrolls of noise {unknown}
 h - 2 scrolls of holy word {unknown}
 j - a scroll of teleportation {unknown}
 l - 2 scrolls of identify {unknown}
 p - 2 scrolls of enchant weapon {unknown}
 q - a scroll of amnesia {unknown}
Potions
 c - a potion of heal wounds {unknown}
 e - a potion of haste {unknown}
 g - a potion of curing
 m - a potion of invisibility {unknown}
 n - a potion of degeneration {unknown}


   Skills:
 - Level 8.0 Fighting
 - Level 3.4 Long Blades
 + Level 0.0 Staves
 + Level 3.0 Armour
 - Level 1.1 Dodging
 - Level 1.7 Invocations


You had 5 spell levels left.
You didn't know any spells.
Your spell library contained the following spells:

 Spells                   Type           Power      Damage    Failure   Level
 Corona                   Hex            0%         N/A       43%         1
 Sting                    Tmut/Pois      0%         1d3       43%         1
 Ensorcelled Hibernation  Hex/Ice        0%         N/A       58%         2
 Poisonous Vapours        Pois/Air       0%         N/A       58%         2
 Frozen Ramparts          Ice            0%         1d2       82%         3
 Tukima's Dance           Hex            0%         N/A       82%         3
 Ice Form                 Ice/Tmut       0%         N/A       99%         4
 Olgreb's Toxic Radiance  Pois           0%         N/A       99%         4
 Summon Ice Beast         Ice/Summ       0%         N/A       99%         4


Dungeon Overview and Level Annotations

Branches:
Dungeon (4/15)
 Temple: D:4-7

Altars:
Fedhas


Innate Abilities, Weirdness & Mutations

You have a pair of horns on your head.
You reflexively headbutt those who attack you in melee.


Message History

The water moccasin closely misses you. You furiously retaliate!
You headbutt the water moccasin. You block the water moccasin's attack.
You miss the water moccasin.
The water moccasin is lightly wounded.
The water moccasin bites you.
You are poisoned.
The water moccasin poisons you! You block the water moccasin's attack.
You barely miss the water moccasin.
Your headbutt misses the water moccasin.
The water moccasin is lightly wounded.
You feel very sick. The water moccasin closely misses you.
You barely miss the water moccasin.
The water moccasin is lightly wounded.
You feel very sick. The water moccasin bites you.
You are more poisoned.
The water moccasin poisons you! The water moccasin bites you!
You are lethally poisoned!
The water moccasin poisons you!
Unknown command.
You barely miss the water moccasin.
The water moccasin is lightly wounded.
You feel extremely sick. The water moccasin barely misses you.
The water moccasin bites you!
* * * LOW HITPOINT WARNING * * *
Unknown command.
You barely miss the water moccasin.
The water moccasin is lightly wounded.
* * * LOW HITPOINT WARNING * * *
You feel extremely sick.
The water moccasin completely misses you.
You block the water moccasin's attack.
Unknown command.
You barely miss the water moccasin.
The water moccasin is lightly wounded.
* * * LOW HITPOINT WARNING * * *
You feel very sick. The water moccasin bites you.
You die...

#......# #
#......###### #
#...........########
#...........'......#
####........######.#
#.###.........#.#
#.# #.#######.#.#
####.###.#..........
#.S@...#.#.#.#.#.#.#
#......#.#.#...#.#.#
#......#.#.#####.#.#
#......#.#.......#.#
########.#########.#
..# ###


You could see a water moccasin.

Vanquished Creatures
  Crazy Yiuf (D:3)
  A centaur skeleton (D:3)
  An iguana (D:3)
  Ijyb (D:3)
  Natasha (twice) (D:2)
  A hound skeleton (D:4)
  8 adders
  2 worms (D:2)
  4 dart slugs
  4 bats
  8 endoplasms
  2 giant cockroaches (D:2)
  5 goblins
  4 hobgoblins
  6 jackals
  4 quokkas
  4 ball pythons
  3 frilled lizards
  10 kobolds
  7 rats
78 creatures vanquished.

Vanquished Creatures (others)
  6 plants (D:3)
6 creatures vanquished.

Grand Total: 84 creatures vanquished

Notes
Turn   | Place    | Note
-------+----------+-------------------------------------------
     0 | Abyss:1  | MisterFreud the Minotaur Abyssal Knight began the quest for
                  | the Orb.
     0 | Abyss:1  | Reached XP level 1. HP: 19/19 MP: 1/1
    19 | D:1      | Escaped the Abyss
   151 | D:1      | Found a faded altar of an unknown god.
   159 | D:1      | Reached skill level 4 in Fighting
   391 | D:1      | Reached XP level 2. HP: 25/28 MP: 2/2
   773 | D:1      | Reached ** piety under Lugonu
  1383 | D:2      | Reached skill level 5 in Fighting
  1491 | D:2      | Reached XP level 3. HP: 33/36 MP: 3/3
  1689 | D:2      | Noticed Natasha
  1695 | D:2      | Killed Natasha
  1725 | D:2      | Noticed Natasha
  1731 | D:2      | Killed Natasha
  1732 | D:2      | Reached skill level 6 in Fighting
  1732 | D:2      | Reached XP level 4. HP: 33/44 MP: 4/4
  1841 | D:2      | Found a blossoming altar of Fedhas.
  2088 | D:2      | Reached skill level 7 in Fighting
  2088 | D:2      | Reached XP level 5. HP: 44/52 MP: 5/5
  2890 | D:3      | Reached *** piety under Lugonu
  3129 | D:3      | Reached skill level 8 in Fighting
  3219 | D:3      | Noticed Ijyb
  3229 | D:3      | Killed Ijyb
  3230 | D:3      | Reached XP level 6. HP: 15/61 MP: 6/6
  3466 | D:3      | Found a runed translucent door.
  3467 | D:3      | Noticed Crazy Yiuf
  3766 | D:3      | Killed Crazy Yiuf
  4232 | D:4      | Noticed a water moccasin
  4240 | D:4      | Slain by a water moccasin

Illustrated notes

Levels and vault maps discovered:
D:1:      nicolae_arrival_memento_mori, layout_loops_ring,
          hellmonk_ecumenical_altar_pennies_from_heaven,
          chequers_serial_rivers_large_b
D:2:      kb_forest_paths, layout_basic, basic_altar, uniq_natasha
D:3:      layout_basic, serial_forest, infiniplex_forest_lined_corner,
          infiniplex_forest_lined_room_2, infiniplex_forest_lined_1,
          infiniplex_forest_clump_double, infiniplex_forest_end_1,
          infiniplex_forest_clump_long, infiniplex_forest_end_3,
          uniq_crazy_yiuf_cottage, uniq_ijyb
D:4:      layout_basic, uniq_pikel

Skill      XL: |  1  2  3  4  5  6 |
---------------+-------------------+-----
Fighting       | 4 5 6 7 8 |  8.0
Long Blades    | 3 |  3.4
Armour         | 3 |  3.0
Dodging        | |  1.1
Invocations    | |  1.7

Action                   |  1- 3 |  4- 6 || total
-------------------------+-------+-------++-------
Melee: Falchion          |    52 |    87 ||   139
       Headbutt          |     7 |    16 ||    23
       Quarterstaff      |       |    20 ||    20
  Use: Potion            |       |     1 ||     1
Armor: Leather armour    |    22 |    26 ||    48
Dodge: Dodged            |    40 |    55 ||    95
Block: Other             |     8 |    30 ||    38
       Rpst.: Falchion   |     8 |    13 ||    21
